 Dungeon Crawl Stone Soup version 0.18-a0-1745-gffa9a88 (webtiles) character file.

13 nono the Shooter (level 2, 24/24 HPs)
             Began as a Centaur Hunter on Apr 11, 2016.
             Was an Initiate of Nemelex Xobeh.
             Got out of the dungeon alive.
             The game lasted 00:05:10 (415 turns).

nono the Shooter (Centaur Hunter)                    Turns: 415, Time: 00:05:11

Health: 24/24      AC:  6    Str: 14    XL:     2   Next: 24%
Magic:  2/2        EV:  9    Int: 10    God:    Nemelex Xobeh [......]
Gold:   0          SH:  0    Dex:  7    Spells: 0 memorised, 1 level left

rFire  . . .     SeeInvis .     b - +0 short sword
rCold  . . .     Gourm    .     c - +0 leather armour
rNeg   . . .     Faith    .     (no shield)
rPois  .         Spirit   .     h - +2 hat
rElec  .         Dismiss  .     (no cloak)
rCorr  .         Reflect  .     (no gloves)
SustAt .         Harm     .     (no barding)
MR     .....                    (no amulet)
Stlth  ..........               (no ring)
                                (no ring)

@: very quick, not resistant to hostile enchantments, extremely unstealthy
A: hooves 3, clumsy 1, deformed body, speed 2, tough skin 3
a: Renounce Religion


You escaped.
You worshipped Nemelex Xobeh.
Nemelex Xobeh was noncommittal.
You were not hungry.

You visited 1 branch of the dungeon, and saw 1 of its levels.

Inventory:

Hand Weapons
 a - a +1 shortbow
 b - a +0 short sword (weapon)
Missiles
 d - 33 arrows
Armour
 c - a +0 leather armour (worn)
 h - a +2 hat (worn)
Scrolls
 e - a scroll of remove curse {unknown}
Miscellaneous
 i - a plain deck of wonders {drawn: 3}
Comestibles
 f - a bread ration
 g - a meat ration


   Skills:
 - Level 2.0 Fighting
 + Level 6.0 Bows
 - Level 0.1 Armour
 - Level 1.3 Dodging
 - Level 0.5 Stealth


You had one spell level left.
You didn't know any spells.

Dungeon Overview and Level Annotations

Branches:
Dungeon (1/15)

Altars:
Nemelex Xobeh


Innate Abilities, Weirdness & Mutations

You have hooves in place of feet.
Armour fits poorly on your strangely shaped body.
You cover ground very quickly.
You have extremely tough skin (AC +3).
You are clumsy. (Dex -2)


Message History

Your Bows skill increases to level 6!
The kobold hits the plant but does no damage.
The kobold hits the plant but does no damage.
Failed to move towards target.
You hit the plant but do no damage. You kick the plant, but do no damage.
The kobold hits the plant but does no damage.
The kobold hits the plant but does no damage.
You hit the plant but do no damage.
The kobold hits the plant but does no damage.
You see here a ball python corpse.
You hit the plant but do no damage. You kick the plant, but do no damage.
The kobold hits the plant with a short sword.
The kobold hits the plant but does no damage.
You see here 19 sling bullets.
You hit the plant but do no damage. You kick the plant, but do no damage.
The kobold hits the plant but does no damage.
There is a staircase leading out of the dungeon here.
Are you sure you want to leave the Dungeon?
This will make you lose the game!
The kobold hits the plant but does no damage.
You have escaped! ###............PPPPPPPPPPPPPPP... ..........# #PPPPPPPPPPPPPPP#.# ####......# #PPPPP.....PPPPP#.# #........... #PPP.†PPPPP..PPP#.# #.##......## #PP.PPP...PPP.PP#.# #.########.. #PP.PP.PPP.PP.PP#.# .....# . #P(PP.PP.PP.PP.P...

.....#
#P.P.PP.P.PP.P.P.#.
.....#
#P@PKP.PPP.P.P...#.
.....#
#P.P.PP.P.PP.P.P###
#'####


#P.PP.PP.PP.PP.P# # #.# #PP.PP.PPP.PP.PP# # #.# #PP.PPP...PPP.PP# # #.#
#PPP..PPPPP..PPP# # #.# #PPPPP.....PPPPP# # #.# #PPPPPPPPPPPPPPP# # #.#
#PPPPPPPPPPPPPPP# # You could see a kobold.

Vanquished Creatures
  A giant cockroach (D:1)
  2 goblins (D:1)
  3 hobgoblins (D:1)
  A ball python (D:1)
  A bat (D:1)
  2 giant newts (D:1)
  2 kobolds (D:1)
  2 rats (D:1)
14 creatures vanquished.

Notes
Turn   | Place    | Note
--------------------------------------------------------------
     0 | D:1      | nono the Centaur Hunter began the quest for the Orb.
     0 | D:1      | Reached XP level 1. HP: 17/17 MP: 1/1
   200 | D:1      | Found a sparkling altar of Nemelex Xobeh.
   231 | D:1      | Reached XP level 2. HP: 24/24 MP: 2/2
   269 | D:1      | Became a worshipper of Nemelex Xobeh the Trickster
   270 | D:1      | Gained mutation: You are clumsy. (Dex -2) [helix card]
   400 | D:1      | Reached skill level 6 in Bows
   415 | D:$      | Got out of the dungeon alive.

Vault maps used:
D:1:      roderic_crop_circles_arrival_small, minmay_misc_feat_pillars,
          nemelex_deck

Skill      XL: |  1  2 |
---------------+-------+-----
Bows           | 6 |  6.0
Fighting       | |  2.0
Armour         | |  0.1
Dodging        | |  1.3
Stealth        | |  0.5

Action                   || total
-------------------------++-------
Melee: Short sword       ||    31
 Fire: Shortbow          ||    10
Evoke: Deck              ||     3
